 Dungeon Crawl Stone Soup version 0.18-a0-750-g37044d6 (webtiles) character file.

7557 tof the Carver (level 10, -6/94 HPs)
             Began as a Minotaur Chaos Knight on Dec 12, 2015.
             Mangled by an 11-headed hydra (10 damage)
             ... on level 2 of the Lair of Beasts.
             The game lasted 01:14:51 (7811 turns).

tof the Carver (Minotaur Chaos Knight)              Turns: 7811, Time: 01:14:51

Health: -6/94      AC: 17    Str: 20    XL:     10   Next: 96%
Magic:  9/9        EV:  8    Int:  9    God:    Xom [....*.]
Gold:   575        SH:  0    Dex: 13    Spells: 0 memorised, 9 levels left

rFire  . . .     SeeInvis +     a - +3 falchion (chaos)
rCold  . . .     Clarity  .     n - +0 plate armour
rNeg   + . .     SustAt   .     (no shield)
rPois  .         Gourm    .     (helmet restricted)
rElec  .         Spirit   .     m - +0 cloak
rCorr  .         Dismiss  .     d - +0 pair of gloves
rMut   +         Stasis   .     (no boots)
MR     .....                    g - amulet of regeneration
Stlth  ..........               y - ring of Qeunn {rN+ Slay+3 SInv Stlth+}
                                G - +3 ring of strength

@: very slightly contaminated, hasted, very quick, not resistant to hostile
enchantments, extremely unstealthy
A: retaliatory headbutt, horns 2, mutation resistance 3
a: Renounce Religion


You were on level 2 of the Lair of Beasts.
You worshipped Xom.
You were a beloved toy of Xom.
You were not hungry.

You visited 2 branches of the dungeon, and saw 10 of its levels.
You also visited: Ossuary.

You collected 601 gold pieces.
You spent 26 gold pieces at shops.

Inventory:

Hand Weapons
 a - a +3 falchion of chaos (weapon)
 j - a +1 scythe of flaming
 D - a +0 long sword of protection
Armour
 d - a +0 pair of gloves (worn)
 e - a +3 chain mail of cold resistance
 m - a +0 cloak (worn)
 n - a +0 plate armour (worn)
Jewellery
 b - an uncursed ring of protection from cold
 g - an amulet of regeneration (around neck)
 y - the ring of Qeunn (right hand) {rN+ Slay+3 SInv Stlth+}
   (You took it off a gnoll on level 6 of the Dungeon)

   [ring of see invisible]

   It affects your accuracy and damage with ranged weapons and melee attacks
   (+3).
   It protects you from negative energy.
   It lets you see invisible.
   It makes you more stealthy.
 z - an uncursed ring of magical power
 G - a +3 ring of strength (left hand)
 M - an uncursed amulet of resist corrosion
 O - an uncursed amulet of stasis
Wands
 i - a wand of enslavement (2)
 l - a wand of paralysis (9)
 q - a wand of polymorph (8)
 I - a wand of teleportation (6)
 K - a wand of lightning (4)
 N - a wand of hasting (2)
Scrolls
 o - 4 scrolls of identify
 p - a scroll of magic mapping
 r - a scroll of teleportation
 w - 3 scrolls of fog
 x - 8 scrolls of remove curse
 H - 3 scrolls of fear
Potions
 s - 2 potions of cancellation
 t - 2 potions of agility
 u - 2 potions of flight
 A - 3 potions of curing
 J - a potion of haste
Books
 B - Ucie's Reference Book on Cold
   (Xom gifted it to you on level 6 of the Dungeon)

   Spells                             Type                      Level
   a - Throw Frost                    Conjuration/Ice              2
   b - Ensorcelled Hibernation        Hexes/Ice                    2
   c - Throw Icicle                   Conjuration/Ice              4
   d - Simulacrum                     Ice/Necromancy               6
 E - a book of Battle

   Spells                             Type                      Level
   a - Infusion                       Charms                       1
   b - Shroud of Golubria             Charms/Translocation         2
   c - Song of Slaying                Charms                       2
   d - Spectral Weapon                Hexes/Charms                 3
   e - Regeneration                   Charms/Necromancy            3
Comestibles
 c - 7 bread rations
 f - 3 meat rations
 k - 3 beef jerkies
 v - 4 fruits
 F - 8 slices of pizza
 L - 2 royal jellies
 P - 3 chunks of flesh


   Skills:
 + Level 10.5 Fighting
 + Level 11.7 Long Blades
 + Level 10.9 Armour
 + Level 4.9 Dodging
 + Level 4.3 Stealth
 + Level 1.0 Evocations


You had 9 spell levels left.
You didn't know any spells.

Dungeon Overview and Level Annotations

Branches:
Dungeon (8/15)             Temple (0/1) D:4            Lair (2/8) D:8

Altars:
Elyvilon
Fedhas
Qazlal
Sif Muna
Vehumet

Shops:
D:4 *


Innate Abilities, Weirdness & Mutations

You reflexively headbutt those who attack you in melee.
You have a pair of horns on your head.
You are almost entirely resistant to further mutation and mutation removal.


Message History

The 11-headed hydra resists with almost no effort.
This wand has 9 charges left. "The weather's been a little too boring around here."
You are now a beloved toy of Xom.
The 11-headed hydra is no longer moving slowly.
Evoke which item? (* to show all) (? for menu, Esc to quit)
Zapping:
N - a wand of hasting (will waste charges)
Press: ? - help, Shift-Dir - straight line, f - you, p - 11-headed hydra You feel yourself speed up.
You are very lightly contaminated with residual magic.
Evoking this partially-identified wand wasted a few charges.
The 11-headed hydra bites you but does no damage. x2
The 11-headed hydra closely misses you. The 11-headed hydra bites you!
* * * LOW HITPOINT WARNING * * *
The 11-headed hydra bites you but does no damage.
The 11-headed hydra barely misses you. The 11-headed hydra bites you!
* * * LOW HITPOINT WARNING * * *
The 11-headed hydra bites you!
You die...
Xom is highly amused!

#.##.#...##
#.........##
#..........
#.##........§##
+.........§§§§#
#.........§§§#.#
#.........§§+..#
........D§..§#...+
##.....@...#.####
#..........##
#.+..####### ..
##.....## #+#.
##.###..#### #..#
##.####..##P# ##
#..##
............#
#.##....
#.<.........)#
###......
..........÷...#
#........


You could see a 11-headed hydra.

Vanquished Creatures
  The ghost of cireshan the Thaumaturge, a novice DECj of Sif Muna (D:7)
  The ghost of homeworkjunkie the Skirmisher, a novice HOFi of Okawaru (D:4)
  A spiny frog (Lair:1)
  2 komodo dragons (D:8)
  A fire drake (Lair:1)
  Sigmund (D:4)
  A human (D:7)
  2 hippogriffs
  4 wolves (Lair:1)
  3 water moccasins
  A mottled dragon (D:8)
  Duvessa (D:4)
  3 sky beasts
  2 orc warriors
  A porcupine (Lair:1)
  A slave (D:5)
  An ogre (D:7)
  A centaur (D:7)
  3 ice beasts
  A crocodile (D:8)
  4 giant frogs
  A gnoll sergeant (D:7)
  A water moccasin zombie (D:6)
  5 scorpions
  An electric eel (Lair:1)
  A quasit (D:7)
  3 wights (D:8)
  2 crimson imps
  A jelly (D:7)
  2 giant frog skeletons
  4 orc priests
  2 centaur zombies
  2 hounds
  5 iguanas
  Ijyb (D:2)
  2 orc wizards
  Natasha (thrice) (D:4)
  2 worker ants
  4 sheep (D:7)
  4 hound skeletons
  15 mummies
  Robin (D:4)
  A worker ant zombie (D:5)
  5 gnolls
  8 adders
  6 river rats (Lair:1)
  A shadow imp (D:6)
  2 adder skeletons
  A worm (D:5)
  7 giant geckos
  11 orcs
  8 bats
  5 giant cockroaches
  10 goblins
  14 hobgoblins
  6 jackals
  13 kobolds
  3 quokkas
  3 ball pythons
  A giant gecko skeleton (D:6)
  2 giant newts
  3 gnoll skeletons (Ossuary)
  4 goblin skeletons (Ossuary)
  An orc skeleton (Ossuary)
  A quokka skeleton (D:7)
  6 rats
  11 rat skeletons (Ossuary)
  2 bushes
  9 fungi
  4 plants
246 creatures vanquished.

Vanquished Creatures (collateral kills)
  A hill giant (D:6)
  A hippogriff (D:7)
  Dowan (D:4)
  2 iguanas (D:8)
  A goblin (D:2)
6 creatures vanquished.

Vanquished Creatures (others)
  Pikel (D:5)
  A giant frog (D:7)
  A crimson imp (D:6)
  A hound zombie (D:6)
4 creatures vanquished.

Grand Total: 256 creatures vanquished

Notes
Turn   | Place    | Note
--------------------------------------------------------------
     0 | D:1      | tof the Minotaur Chaos Knight began the quest for the Orb.
     0 | D:1      | Reached XP level 1. HP: 19/19 MP: 0/0
   211 | D:1      | XOM: potion effect (berserk rage)
   273 | D:1      | Reached skill level 4 in Long Blades
   273 | D:1      | Reached XP level 2. HP: 25/27 MP: 1/1
   352 | D:1      | XOM: silly message
   371 | D:1      | XOM: divination: detect creatures
   580 | D:1      | Reached XP level 3. HP: 26/33 MP: 2/2
   782 | D:1      | XOM: divination: detect creatures
   881 | D:2      | XOM: potion effect (brilliance)
  1000 | D:2      | XOM: harmless Conj miscast
  1252 | D:2      | Noticed Ijyb
  1258 | D:2      | XOM: noise
  1259 | D:2      | XOM: harmless Chrm miscast
  1264 | D:2      | XOM: summons friendly smoke demon
  1271 | D:2      | Killed Ijyb
  1473 | D:2      | XOM: 1-stop teleportation journey
  1717 | D:2      | Reached XP level 4. HP: 41/41 MP: 3/3
  1727 | D:2      | Found a blossoming altar of Fedhas.
  1933 | D:3      | XOM: 1-stop teleportation journey
  1945 | D:3      | Noticed a sky beast
  1959 | D:3      | Killed a sky beast
  1959 | D:3      | Reached skill level 5 in Long Blades
  1959 | D:3      | Reached XP level 5. HP: 35/47 MP: 4/4
  1969 | D:3      | Gained mutation: You are somewhat resistant to further mutation. [mutagenic meat]
  2068 | D:3      | Gained mutation: You are somewhat resistant to both further mutation and mutation removal. [potion of beneficial mutation]
  2269 | D:3      | XOM: stat loss: -1 Int (8/9)
  2449 | D:4      | Noticed Duvessa
  2451 | D:4      | Noticed Dowan
  2466 | D:4      | XOM: silly message
  2472 | D:4      | Killed Dowan
  2506 | D:4      | Killed Duvessa
  2506 | D:4      | Reached skill level 5 in Fighting
  2506 | D:4      | Reached XP level 6. HP: 42/56 MP: 5/5
  2540 | D:4      | XOM: colour smoke trail
  2562 | D:4      | Found a staircase to the Ecumenical Temple.
  2589 | D:4      | Found Qaddec's General Store.
  2593 | D:4      | Noticed homeworkjunkie's ghost (novice HOFi)
  2596 | D:4      | XOM: cast spell 'Cause Fear'
  2614 | D:4      | Killed homeworkjunkie's ghost
  2614 | D:4      | Reached skill level 6 in Long Blades
  2614 | D:4      | Reached skill level 5 in Armour
  2614 | D:4      | Reached skill level 1 in Stealth
  2614 | D:4      | Reached XP level 7. HP: 15/61 MP: 6/6
  2676 | D:4      | XOM: stat loss: -1 Int (8/9)
  2688 | D:4      | XOM: divination: magic mapping
  2691 | D:4      | Bought a scroll of identify for 26 gold pieces
  2692 | D:4      | Noticed Natasha
  2697 | D:4      | XOM: blink monster(s)
  2719 | D:4      | Killed Natasha
  2792 | D:4      | Noticed Natasha
  2797 | D:4      | Killed Natasha
  2813 | D:4      | XOM: mild Chrm miscast
  2825 | D:4      | Got an encrusted quarterstaff
  2826 | D:4      | Identified the +0 quarterstaff of Valuable Assets {elec, +Fly rN+} (You found it on level 4 of the Dungeon)
  2847 | D:4      | Noticed Sigmund
  2863 | D:4      | Killed Sigmund
  2948 | D:4      | XOM: 1-stop teleportation journey
  2949 | D:4      | Noticed Natasha
  2953 | D:4      | Killed Natasha
  3048 | D:4      | Noticed Robin
  3060 | D:4      | Killed Robin
  3285 | D:4      | Reached XP level 8. HP: 69/71 MP: 7/7
  3340 | D:5      | Entered Level 5 of the Dungeon
  3411 | D:5      | Noticed Pikel
  3412 | D:5      | XOM: mild Divn miscast
  3469 | D:5      | Killed Pikel
  3469 | D:5      | Reached skill level 7 in Fighting
  3670 | D:5      | Found a sand-covered staircase.
  3681 | Ossuary  | Entered an ossuary
  3785 | Ossuary  | XOM: medium Summ miscast
  3948 | Ossuary  | Gained mutation: You are almost entirely resistant to further mutation and mutation removal. [potion of mutation]
  4094 | Ossuary  | XOM: harmless Fire miscast
  4135 | D:5      | Reached skill level 8 in Long Blades
  4186 | D:5      | Found a stormy altar of Qazlal.
  4212 | D:5      | XOM: confuse monster(s)
  4229 | D:5      | Reached XP level 9. HP: 78/80 MP: 8/8
  4697 | D:6      | XOM: silly message
  4748 | D:6      | Got a coiled lapis lazuli ring
  4749 | D:6      | Identified the ring of Qeunn {rN+ Slay+3 SInv Stlth+} (You took it off a gnoll on level 6 of the Dungeon)
  4771 | D:6      | XOM: god gift: potion of curing
  4893 | D:6      | Reached skill level 9 in Long Blades
  4904 | D:6      | XOM: god gift: engraved book {god gift}
  4913 | D:6      | Identified Ucie's Reference Book on Cold (Xom gifted it to you on level 6 of the Dungeon)
  4917 | D:6      | Learned a level 2 spell: Throw Frost
  4917 | D:6      | Noticed a hill giant
  4918 | D:6      | XOM: noise
  4919 | D:6      | XOM: enchant monster (bad)
  4920 | D:6      | XOM: confusion (+ monsters)
  4921 | D:6      | XOM: harmless Air miscast
  4925 | D:6      | XOM: summons friendly iron imp
  4930 | D:6      | Killed a hill giant
  5192 | D:6      | XOM: cast spell 'Ice Form'
  5305 | D:6      | XOM: silly message
  5416 | D:7      | Noticed cireshan's ghost (novice DECj)
  5424 | D:7      | Killed cireshan's ghost
  5424 | D:7      | Reached skill level 10 in Long Blades
  5488 | D:7      | XOM: summons friendly ufetubus
  5501 | D:7      | XOM: divination: magic mapping
  5531 | D:7      | Reached XP level 10. HP: 44/91 MP: 9/9
  5617 | D:7      | XOM: harmless Trmt miscast
  5684 | D:7      | Reached skill level 1 in Evocations
  6003 | D:7      | XOM: polymorph gnoll -> giant gecko
  6045 | D:7      | XOM: divination: detect creatures
  6070 | D:7      | XOM: god gift: flail {god gift}
  6394 | D:8      | Found a deep blue altar of Sif Muna.
  6439 | D:8      | Reached skill level 10 in Armour
  6450 | D:8      | Found a white marble altar of Elyvilon.
  6462 | D:8      | Found a radiant altar of Vehumet.
  6517 | D:8      | XOM: divination: magic mapping
  6530 | D:8      | XOM: cast spell 'Summon Small Mammal'
  6573 | D:8      | Reached skill level 11 in Long Blades
  6581 | D:8      | Found a staircase to the Lair.
  6601 | D:8      | Reached skill level 10 in Fighting
  6656 | Lair:1   | Entered Level 1 of the Lair of Beasts
  6875 | Lair:1   | XOM: potion effect (heal wounds)
  6895 | Lair:1   | XOM: potion effect (agility)
  6902 | Lair:1   | XOM: fog
  7016 | Lair:1   | XOM: 1-stop teleportation journey
  7041 | Lair:1   | XOM: fake destruction
  7744 | Lair:2   | Got a shimmering leather armour
  7794 | Lair:2   | Noticed a six-headed hydra
  7807 | Lair:2   | XOM: fog
  7811 | Lair:2   | HP: 4/94 [11-headed hydra (11)]
  7811 | Lair:2   | Mangled by an 11-headed hydra

Vault maps used:
D:1:      dpeg_arrival_rhombus, patterned_corridor
D:2:      marbit_many_paths, first_bread, minmay_bad_closet, uniq_iyjb
D:4:      minmay_temple_entry_glass, serial_shops, shop, uniq_sigmund,
          uniq_natasha, uniq_duvessa, uniq_robin
D:5:      kennysheep_little_box, gup_ossuary_entry_pyramid, uniq_pikel
D:6:      kennysheep_generic_room_6
D:7:      grunt_livestock, minivault_19
D:8:      nicolae_overflow_hidden_temple, lemuel_crystal_altar, erik_lair_dragon
Lair:1:   minivault_19, st_stairs_6, minivault_23,
          nicolae_quartered_pool_little, grunt_forest_small_clearings,
          grunt_megastairs_3
Ossuary:  ossuary_due_small_catacomb

Action                   |  1- 3 |  4- 6 |  7- 9 | 10-12 || total
-------------------------+-------+-------+-------+-------++-------
Melee: Falchion          |    94 |   100 |   400 |   338 ||   932
Evoke: Wand              |       |     1 |     3 |     2 ||     6
  Use: Potion            |     5 |     2 |     5 |     1 ||    13
       Scroll            |     7 |     6 |     9 |     7 ||    29
 Stab: Paralysed         |       |     1 |     3 |       ||     4
       Confused          |       |       |     5 |     1 ||     6
       Petrifying        |       |       |       |     1 ||     1
  Eat: Chunk             |     2 |     5 |     3 |     1 ||    11
       Bread ration      |     1 |       |     1 |     1 ||     3
       Pizza             |       |       |     1 |     1 ||     2
       Royal jelly       |       |       |     1 |       ||     1
